 Dungeon Crawl Stone Soup version 0.19-a0-1107-gc676ff4 (webtiles) character file.

106601 HaroldButt the Phalangite (level 16, -3/125 HPs)
             Began as a Merfolk Gladiator on Aug 9, 2016.
             Was the Champion of Okawaru.
             Killed from afar by a thorn hunter (23 damage)
             ... with a volley of thorns
             ... on level 3 of the Swamp.
             The game lasted 01:57:06 (27931 turns).

HaroldButt the Phalangite (Merfolk Gladiator)      Turns: 27931, Time: 01:57:07

Health: -3/125     AC: 25    Str: 22    XL:     16   Next: 44%
Magic:  23/23      EV: 20    Int: 15    God:    Okawaru [******]
Gold:   1537       SH:  3    Dex: 14    Spells: 0 memorised, 15 levels left

rFire  + . .     SeeInvis .     S - +1 bardiche of Uqyakk {flame, +Fly Int+5}
rCold  . . .     Gourm    .     o - +5 mottled dragon armour of Negation {Int+2}
rNeg   + . .     Faith    .     (shield currently unavailable)
rPois  .         Spirit   .     m - +2 helmet of Kussial {+Blink rElec Slay+2}
rElec  +         Dismiss  .     Q - +2 cloak {MR+}
rCorr  .         Reflect  +     M - +0 pair of gloves
SustAt +         Harm     .     q - +2 pair of boots
MR     +++++                    e - +3 amulet of reflection
Stlth  +.........               I - ring "Omoigiuk" {SustAt rF+ rN+ MR+++ Str-5}
                                B - +5 ring of strength

@:
A: change form in water, swift swim
a: Heroism, Finesse, Renounce Religion, Evoke Blink, Evoke Flight


You were on level 3 of the Swamp.
You worshipped Okawaru.
Okawaru was exalted by your worship.
You were not hungry.

You visited 5 branches of the dungeon, and saw 27 of its levels.
You also visited: Labyrinth and Ossuary.

You collected 3013 gold pieces.
You spent 1476 gold pieces at shops.

Inventory:

Hand Weapons
 h - a +0 antimagic trident
 z - a +0 vampiric halberd
 S - the +1 bardiche of Uqyakk (weapon) {flame, +Fly Int+5}
   (Okawaru gifted it to you on level 14 of the Dungeon)

   It has been specially enchanted to burn those struck by it, causing extra
   injury to most foes and up to half again as much damage against particularly
   susceptible opponents.
   Big, fiery blades are also staple armaments of hydra-hunters.
   It affects your intelligence (+5).
   It lets you fly.
 U - a +1 glaive of flaming
Missiles
 P - 3 throwing nets (quivered)
Armour
 m - the +2 helmet of Kussial (worn) {+Blink rElec Slay+2}
   (You took it off Robin on level 2 of the Dungeon)

   It affects your accuracy and damage with ranged weapons and melee attacks
   (+2).
   It insulates you from electricity.
   It lets you blink.
 o - the +5 mottled dragon armour of Negation (worn) {Int+2}
   (Okawaru gifted it to you on level 3 of the Lair of Beasts)

   It affects your intelligence (+2).
 q - a +2 pair of boots (worn)
 F - a +2 plate armour of magic resistance
 M - a +0 pair of gloves (worn)
 Q - a +2 cloak of magic resistance (worn)
Rods
 L - a +5 rod of clouds (13/13)
   (You found it in a labyrinth)
Jewellery
 e - a +3 amulet of reflection (around neck)
 B - a +5 ring of strength (left hand)
 I - the ring "Omoigiuk" (right hand) {SustAt rF+ rN+ MR+++ Str-5}
   (You bought it in a shop on level 2 of the Orcish Mines)

   [ring of sustain attributes]

   It sustains your strength, intelligence and dexterity.
   It affects your strength (-5).
   It protects you from fire.
   It protects you from negative energy.
   It affects your resistance to hostile enchantments.
Wands
 a - a wand of digging (8/24)
 j - a wand of teleportation (5/9)
 l - a wand of digging (22/24)
 x - a wand of hasting (3/9)
 E - a wand of acid (7/15)
 J - a wand of disintegration (10/24)
 X - a wand of disintegration (19/24)
Scrolls
 d - 2 scrolls of blinking
 g - 6 scrolls of identify
 n - 5 scrolls of magic mapping
 s - 5 scrolls of enchant weapon
 t - 2 scrolls of recharging
 y - 6 scrolls of teleportation
 A - 2 scrolls of holy word
 C - 2 scrolls of remove curse
 D - 3 scrolls of immolation
 T - 2 scrolls of fog
 Y - 2 scrolls of fear
Potions
 c - 2 potions of berserk rage
 i - 16 potions of curing
 k - 3 potions of resistance
 r - 5 potions of heal wounds
 v - 3 potions of ambrosia
 w - a potion of agility
 H - 2 potions of cancellation
 K - 4 potions of brilliance
 N - 3 potions of flight
 O - a potion of invisibility
 V - 3 potions of magic
 W - a potion of haste
Books
 G - a Necronomicon

   Spells                             Type                      Level
   a - Haunt                          Necromancy/Summoning         7
   b - Borgnjor's Revivification      Necromancy                   8
   c - Death's Door                   Charms/Necromancy            8
   d - Infestation                    Necromancy                   8
   e - Necromutation                  Transmutation/Necromancy     8
Miscellaneous
 Z - a phantom mirror
Comestibles
 f - 14 bread rations
 p - 19 meat rations
 u - 4 royal jellies


   Skills:
 - Level 11.0 Fighting
 + Level 24.4 Polearms
 - Level 2.0 Throwing
 - Level 10.6 Armour
 - Level 13.7 Dodging
 - Level 10.1 Invocations


You had 15 spell levels left.
You didn't know any spells.

Dungeon Overview and Level Annotations

Branches:
Dungeon (15/15)            Temple (1/1) D:7            Lair (6/6) D:10
  Swamp (3/4) Lair:3       Spider (0/4) Lair:3        Slime (0/5) Lair:5
    Orc (2/2) D:12            Elf (0/3) Orc:2        Vaults (0/5) D:13
 Depths (0/5) D:15

Altars:
Ashenzari
Cheibriados
Dithmenos
Elyvilon
Fedhas
Gozag
Nemelex Xobeh
Okawaru
Sif Muna
Vehumet
Xom
The Shining One
Jiyva

Shops:
D:11 *   Orc:2 [(*=

Annotations:
Lair:6 1 runed door
Swamp:3 exclusion: 2 oklob plants


Message History

The thorn hunter closely misses you.
The thorn hunter hits you but does no damage.
You barely miss the thorn hunter.
The thorn hunter is almost destroyed.
The briar patch crumbles away.
The thorn hunter barely misses you. The thorn hunter hits you.
You barely miss the thorn hunter.
The thorn hunter is almost destroyed.
The thorn hunter hits you. The thorn hunter misses you.
You closely miss the thorn hunter.
The thorn hunter is almost destroyed.
The briar patch crumbles away. x2
The thorn hunter fires a volley of thorns at you.
The volley of thorns hits you!
* * * LOW HITPOINT WARNING * * *
You hit the thorn hunter. You burn the thorn hunter.
The thorn hunter is almost destroyed.
The thorn hunter fires a volley of thorns at you.
The volley of thorns hits you!
You die...

♣.♣♣ ♣...♣♣
♣>.≈♣♣♣.≈.≈..♣♣♣♣.♣. ♣♣
♣♣.≈≈♣♣♣.≈≈.♣♣♣.♣♣♣..♣♣♣...
♣.♣♣§♣...≈≈≈♣ ♣♣ ♣♣♣)♣....
♣♣...≈≈..≈≈.♣ ♣♣)..♣♣
♣..≈≈≈≈♣.≈..♣♣ ♣.P...♣♣..
♣♣≈≈.≈≈♣≈§...♣ ♣......≈. ..
♣♣≈≈≈≈.≈≈.≈♣♣ P.....♣.P..≈
♣♣♣♣.≈≈#§≈♣≈fP♣
♣P....♣..≈≈.
♣♣.....##.)♣.@≈♣♣
♣....♣..P≈..
♣....}.##..♣♣.≈.♣
♣♣..P≈.P≈..♣
♣..###.#..♣♣♣.≈.♣
♣...≈..≈..♣ ♣♣♣♣..##...#
♣..≈♣ ♣♣♣.♣ ♣......#.....
♣.≈≈♣♣♣♣.♣f♣ ......##......
♣♣PPP.....♣ ..##..##...§≈≈♣
♣PPPP♣♣P♣♣ ♣.#.###......♣♣
♣...≈.♣♣♣ ...#......≈
♣..≈≈.♣


You could see a thorn hunter.

Vanquished Creatures
  Gastronok (Lair:2)
  Kirke (D:13)
  4 thorn hunters
  An orc warlord (Orc:2)
  The ghost of Kidiri the Thaumaturge, a journeyman DEFE of Vehumet (Swamp:2)
  An ettin (Orc:2)
  A minotaur (Lab)
  Josephine (D:10)
  A fire dragon (Lair:6)
  Harold (D:10)
  6 hydras
  2 ice dragons (D:15)
  2 rakshasas (D:15)
  A catoblepas (D:11)
  2 centaur warriors
  An ogre mage (D:13)
  The ghost of FrancescoMac the Fighter, a novice MiFi of the Shining One (D:8)
  4 alligators
  5 orc high priests (Orc:2)
  5 spriggans
  A spriggan druid (Swamp:3)
  A wizard (D:14)
  4 unseen horrors
  2 shambling mangroves (Swamp:2)
  5 swamp dragons
  6 lindwurms
  Pikel (D:5)
  6 orc knights
  6 hill giants
  2 deep elf magi
  5 orc sorcerers
  A wolf spider (Lair:3)
  A manticore (D:14)
  12 slime creatures
  21 elephants
  3 black mambas
  6 torpor snails (Lair:6)
  A gargoyle (D:12)
  10 spiny frogs
  9 komodo dragons
  2 rime drakes
  11 trolls
  A merfolk (D:11)
  Grinder (D:3)
  4 two-headed ogres
  7 giant leeches
  A polar bear (Lair:5)
  8 blink frogs
  A boulder beetle (Lair:6)
  2 bog bodies
  2 centaur simulacra
  A shadow (Swamp:1)
  3 wraiths (D:10)
  6 wyverns
  21 yaks
  2 humans (D:8)
  4 basilisks
  A hungry ghost (D:13)
  6 hippogriffs
  7 vampire mosquitoes (Swamp:2)
  4 wargs
  A steam dragon (Lair:6)
  9 swamp worms
  3 mottled dragons
  A soldier ant (D:15)
  3 insubstantial wisps
  2 hell hounds
  5 water moccasins
  35 orc warriors
  A black bear (shapeshifter) (D:13)
  3 porcupines
  A black bear (D:8)
  3 sky beasts
  14 wasps
  9 swamp drakes
  2 eyes of draining
  3 ice beasts
  A slave (D:5)
  4 necrophages
  26 centaurs
  14 ogres
  3 wolves (Lair:2)
  10 crocodiles
  7 big kobolds
  2 elf zombies (Ossuary)
  22 giant frogs
  5 gnoll sergeants (D:12)
  6 scorpions
  5 wights (D:11)
  4 electric eels (Lair:3)
  4 howler monkeys
  7 crimson imps
  A giant frog zombie (D:13)
  4 centaur zombies
  A quasit (D:8)
  2 human zombies (Ossuary)
  2 jellies
  7 hounds
  9 orc priests
  5 centaur skeletons
  A giant frog skeleton (D:7)
  13 orc wizards
  10 iguanas
  11 worker ants
  12 sheep
  2 big kobold zombies (Ossuary)
  2 hound zombies
  A hound skeleton (D:9)
  2 mummies (Ossuary)
  Robin (D:2)
  A worker ant zombie (D:6)
  17 gnolls
  A howler monkey skeleton (D:8)
  13 adders
  29 river rats
  A shadow imp (D:6)
  An ooze (D:6)
  An adder skeleton (D:7)
  2 worms
  3 giant geckos (D:2)
  77 orcs
  5 giant cockroaches
  3 gnoll zombies (Ossuary)
  8 goblins
  7 hobgoblins
  16 jackals
  16 kobolds
  4 quokkas
  A ball python (D:3)
  6 bats
  4 giant newts
  2 goblin zombies (Ossuary)
  A hobgoblin zombie (Ossuary)
  A jackal skeleton (D:7)
  6 rats
  4 briar patches (Swamp:3)
  2 fungi (Swamp:3)
  3 plants
776 creatures vanquished.

Vanquished Creatures (others)
  A centaur warrior (D:15)
  A centaur zombie (D:15)
  A yaktaur (D:15)
  A shadow (Swamp:1)
  A centaur (D:15)
  A giant gecko (D:5)
  A kobold (D:11)
  8 fungi
  7 plants
22 creatures vanquished.

Grand Total: 798 creatures vanquished

Notes
Turn   | Place    | Note
-------+----------+-------------------------------------------
     0 | D:1      | HaroldButt the Merfolk Gladiator began the quest for the Orb.
     0 | D:1      | Reached XP level 1. HP: 16/16 MP: 1/1
   100 | D:1      | Reached skill level 5 in Polearms
   169 | D:1      | Reached XP level 2. HP: 15/22 MP: 2/2
   938 | D:2      | Reached skill level 6 in Polearms
   938 | D:2      | Reached XP level 3. HP: 15/27 MP: 3/3
  1258 | D:2      | Reached XP level 4. HP: 33/33 MP: 4/4
  1269 | D:2      | Reached skill level 7 in Polearms
  1431 | D:2      | Noticed Robin
  1436 | D:2      | Killed Robin
  1451 | D:2      | Got a bloodstained helmet
  1471 | D:2      | Identified the +2 helmet of Kussial {+Blink rElec Slay+2} (You took it off Robin on level 2 of the Dungeon)
  1685 | D:3      | Reached skill level 8 in Polearms
  1685 | D:3      | Reached XP level 5. HP: 38/38 MP: 5/5
  2102 | D:3      | Noticed Grinder
  2106 | D:3      | Killed Grinder
  2106 | D:3      | Reached skill level 10 in Polearms
  2106 | D:3      | Reached XP level 6. HP: 44/44 MP: 2/6
  2574 | D:4      | Reached XP level 7. HP: 50/50 MP: 2/7
  2659 | D:4      | Reached skill level 11 in Polearms
  2660 | D:4      | Found a sand-covered staircase.
  2671 | Ossuary  | Entered an ossuary
  3072 | Ossuary  | Reached skill level 12 in Polearms
  3637 | D:4      | Reached XP level 8. HP: 56/56 MP: 2/8
  3679 | D:5      | Entered Level 5 of the Dungeon
  3815 | D:5      | Found a shadowy altar of Dithmenos.
  4016 | D:5      | Noticed Pikel
  4043 | D:5      | Killed Pikel
  4043 | D:5      | Reached skill level 14 in Polearms
  4580 | D:6      | Reached skill level 15 in Polearms
  4648 | D:6      | Reached XP level 9. HP: 22/60 MP: 9/9
  5429 | D:7      | Reached skill level 16 in Polearms
  5628 | D:7      | Reached skill level 1 in Armour
  5937 | D:7      | Found a snail-covered altar of Cheibriados.
  5945 | D:7      | Found a white marble altar of Elyvilon.
  5950 | D:7      | Found a shimmering altar of Xom.
  5978 | D:7      | Found a staircase to the Ecumenical Temple.
  5983 | Temple   | Entered the Ecumenical Temple
  6006 | Temple   | Became a worshipper of Warmaster Okawaru
  6306 | D:6      | Found a sparkling altar of Nemelex Xobeh.
  6736 | D:6      | Killed an unseen horror
  6736 | D:6      | Reached * piety under Okawaru
  6736 | D:6      | Reached skill level 5 in Armour
  6736 | D:6      | Reached XP level 10. HP: 27/66 MP: 10/10
  7349 | D:8      | HP: 3/66 [orc warrior/scimitar (20)]
  7746 | D:8      | Found a blossoming altar of Fedhas.
  7774 | D:8      | Noticed FrancescoMac's ghost (novice MiFi)
  8183 | D:8      | Found an iron altar of Okawaru.
  8425 | D:8      | Killed FrancescoMac's ghost
  8425 | D:8      | Reached ** piety under Okawaru
  8967 | D:9      | Reached *** piety under Okawaru
  9047 | D:9      | Found a glowing golden altar of the Shining One.
  9049 | D:9      | Found an opulent altar of Gozag.
  9056 | D:9      | Reached skill level 5 in Dodging
  9271 | D:10     | Entered Level 10 of the Dungeon
  9273 | D:10     | Noticed a hill giant
  9287 | D:10     | Killed a hill giant
  9287 | D:10     | Reached XP level 11. HP: 51/71 MP: 11/11
  9492 | D:10     | Found a staircase to the Lair.
  9507 | D:10     | Noticed Harold
  9669 | D:10     | Killed Harold
  9669 | D:10     | Reached **** piety under Okawaru
  9768 | D:10     | Noticed a hill giant
  9780 | D:10     | HP: 3/78 [hill giant/giant club (35)]
  9986 | D:10     | Killed a hill giant
  9986 | D:10     | Reached skill level 5 in Fighting
 10055 | D:10     | Noticed Josephine
 10088 | D:10     | Killed Josephine
 10088 | D:10     | Reached ***** piety under Okawaru
 10139 | D:10     | Found a sparkling altar of Nemelex Xobeh.
 10212 | Lair:1   | Entered Level 1 of the Lair of Beasts
 10221 | Lair:1   | Got a steaming long sword
 10222 | Lair:1   | Identified the +5 long sword of Qasmiej {speed, +Rage Str+3} (You found it on level 1 of the Lair of Beasts)
 10322 | Lair:1   | Identified a scroll of acquirement
 11078 | Lair:2   | Noticed Gastronok
 11103 | Lair:2   | Killed Gastronok
 11103 | Lair:2   | Received a gift from Okawaru
 11103 | Lair:2   | Reached skill level 10 in Fighting
 11103 | Lair:2   | Reached XP level 12. HP: 96/99 MP: 12/12
 11582 | Lair:3   | Received a gift from Okawaru
 11586 | Lair:3   | Reached skill level 17 in Polearms
 11847 | Lair:3   | Received a gift from Okawaru
 11893 | Lair:3   | Found a staircase to the Swamp.
 12140 | Lair:3   | Found a hole to the Spider Nest.
 12147 | Lair:3   | Reached skill level 18 in Polearms
 12392 | Lair:4   | Found a labyrinth entrance.
 12398 | Lab      | Entered a labyrinth
 12510 | Lab      | Noticed a minotaur
 12518 | Lab      | Killed a minotaur
 12521 | Lab      | Identified the Papyrus of Creation and Transformation
 12541 | Lab      | Identified a +5 rod of clouds (13/13) (You found it in a labyrinth)
 12542 | Lab      | Identified a +4 rod of inaccuracy (14/14) (You found it in a labyrinth)
 13152 | Lair:4   | Reached skill level 19 in Polearms
 13223 | Lair:4   | Reached ****** piety under Okawaru
 13658 | Lair:5   | Reached XP level 13. HP: 92/106 MP: 13/13
 13895 | Lair:5   | Reached skill level 20 in Polearms
 13969 | Lair:5   | Found a staircase to the Slime Pits.
 13970 | Lair:5   | Found a viscous altar of Jiyva.
 14333 | Lair:6   | Entered Level 6 of the Lair of Beasts
 14446 | Lair:6   | Identified a -3 rod of inaccuracy (10/10) (You found it on level 6 of the Lair of Beasts)
 14587 | Lair:6   | Reached skill level 1 in Invocations
 14599 | Lair:6   | Received a gift from Okawaru
 14748 | Lair:6   | Reached skill level 5 in Invocations
 14788 | Lair:6   | Gained mutation: You are partially covered in rugged brown scales. (AC +1, +3% HP) [potion of beneficial mutation]
 15154 | Lair:6   | Noticed a fire dragon
 15171 | Lair:6   | Killed a fire dragon
 15353 | Lair:6   | Found a runed door.
 15694 | Lair:6   | Reached XP level 14. HP: 116/116 MP: 21/21
 16237 | D:11     | Received a gift from Okawaru
 16237 | D:11     | Reached skill level 10 in Invocations
 16268 | D:11     | Found a glowing golden altar of the Shining One.
 16483 | D:11     | Found Kos Ted's General Store.
 16526 | D:11     | Bought a scroll of remove curse for 45 gold pieces
 16526 | D:11     | Bought a potion of agility for 60 gold pieces
 16526 | D:11     | Bought a scroll of teleportation for 45 gold pieces
 16526 | D:11     | Bought a potion of curing for 45 gold pieces
 17164 | D:12     | Got a bloodstained ring mail
 17176 | D:12     | Identified the +0 ring mail of Veir {rElec rF+ rN+} (You found it on level 12 of the Dungeon)
 17877 | D:12     | Found a staircase to the Orcish Mines.
 17945 | Orc:1    | Entered Level 1 of the Orcish Mines
 18056 | Orc:1    | Reached skill level 10 in Dodging
 18251 | Orc:2    | Entered Level 2 of the Orcish Mines
 18340 | Orc:2    | Found Imuliq's Antique Armour Shop.
 18426 | Orc:2    | Found a staircase to the Elven Halls.
 18605 | Orc:2    | Found Boxu's Antique Weapon Emporium.
 18627 | Orc:2    | Found Zoynet's General Store.
 18668 | Orc:2    | Bought a scroll of identify for 34 gold pieces
 18668 | Orc:2    | Bought the ring "Omoigiuk" {SustAt rF+ rN+ MR+++ Str-5} for 618 gold pieces
 18668 | Orc:2    | Bought a scroll of recharging for 161 gold pieces
 18960 | Orc:2    | Gained mutation: You occasionally shout uncontrollably at your foes. [a neqoxec]
 18988 | Orc:2    | Noticed an orc warlord
 19009 | Orc:2    | Killed an orc warlord
 19009 | Orc:2    | Received a gift from Okawaru
 19054 | Orc:2    | Lost mutation: You occasionally shout uncontrollably at your foes. [potion of cure mutation]
 19054 | Orc:2    | Lost mutation: You are partially covered in rugged brown scales. (AC +1, +3% HP) [potion of cure mutation]
 19240 | Orc:2    | Found Jacatare's Jewellery Boutique.
 19259 | Orc:2    | Bought a +4 ring of protection for 468 gold pieces
 19945 | D:12     | Reached skill level 10 in Armour
 19945 | D:12     | Reached XP level 15. HP: 48/118 MP: 22/22
 20119 | D:13     | Found a gate to the Vaults.
 20498 | D:13     | Noticed Kirke
 20508 | D:13     | Killed Kirke
 20508 | D:13     | Received a gift from Okawaru
 20884 | D:14     | Received a gift from Okawaru
 20887 | D:14     | Got a polished bardiche {god gift}
 20889 | D:14     | Identified the +1 bardiche of Uqyakk {flame, +Fly Int+5} (Okawaru gifted it to you on level 14 of the Dungeon)
 20959 | D:14     | Reached skill level 21 in Polearms
 21345 | D:15     | Entered Level 15 of the Dungeon
 21976 | D:15     | Received a gift from Okawaru
 21985 | D:15     | Got a shimmering triple sword {god gift}
 21986 | D:15     | Identified the +4 triple sword of Vicoyxy {slice, Str+6 Dex+3} (Okawaru gifted it to you on level 15 of the Dungeon)
 22107 | D:15     | Found a shattered altar of Ashenzari.
 22263 | D:15     | Found a staircase to the Depths.
 22597 | Swamp:1  | Entered Level 1 of the Swamp
 22611 | Lair:3   | Reached skill level 22 in Polearms
 23174 | Swamp:1  | HP: 5/118 [alligator[an alligator] (16)]
 23920 | Swamp:1  | HP: 5/118 [very large slime creature (40)]
 24592 | Lair:3   | Reached skill level 23 in Polearms
 24592 | Lair:3   | Reached XP level 16. HP: 81/125 MP: 23/23
 24595 | Lair:3   | Received a gift from Okawaru
 24603 | Lair:3   | Got a twisted mottled dragon armour {god gift}
 24614 | Lair:3   | Identified the +5 mottled dragon armour of Negation {Int+2} (Okawaru gifted it to you on level 3 of the Lair of Beasts)
 24874 | Swamp:1  | Got a faintly glowing iron ring
 24876 | Swamp:1  | Identified the ring of Cehevvi {SustAt rElec} (You found it on level 1 of the Swamp)
 25742 | Swamp:2  | Noticed Kidiri's ghost (journeyman DEFE)
 25756 | Swamp:2  | Killed Kidiri's ghost
 26026 | Swamp:2  | Noticed a thorn hunter
 26047 | Swamp:2  | Killed a thorn hunter
 26493 | Swamp:3  | Noticed a thorn hunter
 26516 | Swamp:3  | Reached skill level 24 in Polearms
 27155 | Swamp:3  | Noticed a thorn hunter
 27173 | Swamp:3  | Killed a thorn hunter
 27720 | Swamp:3  | Noticed a thorn hunter
 27732 | Swamp:3  | Killed a thorn hunter
 27872 | Swamp:3  | Noticed a thorn hunter
 27882 | Swamp:3  | Killed a thorn hunter
 27931 | Swamp:3  | Killed from afar by a thorn hunter

Vault maps used:
D:1:      dpeg_arrival_stone_temple_mockup, minmay_heptomino_l4
D:2:      first_bread, minmay_randomly_rotated_circles, uniq_robin
D:3:      uniq_grinder
D:4:      nicolae_ossuary_entry_ruins
D:5:      basic_altar, uniq_pikel
D:6:      minmay_cornered_nines, nemelex_xobeh_ov_fountains_minmay
D:7:      minitemple, serial_glass, glass_columns_c, glass_columns_b
D:8:      fedhas_altar_1, okawaru_humans
D:9:      nicolae_overflow_hidden_temple
D:10:     minmay_lair_entry_lava, nemelex_diamond_rough_becter, uniq_harold,
          uniq_josephine
D:11:     serial_shops, shop, hangedman_stone_soup, nicolae_tso_carved_into_rock
D:12:     kennysheep_orc_monster_closet_entryway
D:13:     david_vaults_2, serial_bayou_lagoon_a, uniq_kirke
D:14:     roderic_filled_cross
D:15:     grunt_enter_depths_hoard, evilmike_ruin_ashenzari,
          lemuel_flamethrower_2
Temple:   regret_index_temple_waves
Lair:2:   grunt_megastairs_3, uniq_gastronok
Lair:3:   minmay_swamp_entry_eels, spider_nest_entry_funnel_web
Lair:4:   lab_entry_generic, infiniplex_staircase_pool_2
Lair:5:   slime_altar_1, minmay_lindwurm_lava, infiniplex_staircase_pool,
          grunt_megastairs_4
Lair:6:   wormcave, guppyfry_lair_end_dragon
Swamp:1:  evilmike_swamp_ruin_house_1, swamp_pool5,
          nicolae_swamp_hydra_murder_den
Swamp:2:  evilmike_swamp_ruin_wall
Swamp:3:  nicolae_swamp_phyte_club, hangedman_swamp_ruin_wall, uniq_jorgrun
Orc:2:    grunt_orc_gardens, grunt_orc_garden, grunt_orc_garden,
          grunt_orc_garden, grunt_orc_garden
Lab:      nicolae_lab_grate
Ossuary:  minmay_ossuary_gauntlet

Skill      XL: |  1  2  3  4  5  6  7  8  9 10 11 12 13 14 15 16 |
---------------+-------------------------------------------------+-----
Polearms       | 5 6 8 10 12 15 16 19 20 23 24 | 24.4
Armour         | 5 8 10 | 10.6
Dodging        | 7 8 12 13 | 13.7
Fighting       | 10 11 | 11.0
Invocations    | 9 10 | 10.1
Throwing       | |  2.0

Action                   |  1- 3 |  4- 6 |  7- 9 | 10-12 | 13-15 | 16-18 || total
-------------------------+-------+-------+-------+-------+-------+-------++-------
Melee: Trident           |    82 |   121 |   249 |       |       |       ||   452
       Halberd           |       |       |   160 |   584 |       |       ||   744
       Glaive            |       |       |       |   241 |  1259 |       ||  1500
       Tailslap          |       |       |       |       |     7 |     5 ||    12
       Bardiche          |       |       |       |       |   329 |   239 ||   568
Throw: Throwing net      |       |       |       |     6 |       |       ||     6
Invok: Heroism           |       |       |       |     2 |       |       ||     2
       Finesse           |       |       |       |     1 |     2 |       ||     3
Evoke: Wand              |       |       |       |     4 |     6 |     1 ||    11
  Use: Scroll            |       |     7 |     4 |    32 |    10 |     1 ||    54
       Potion            |       |       |       |     1 |     9 |     3 ||    13
 Stab: Sleeping          |     1 |       |       |       |       |       ||     1
       Distracted        |       |       |     1 |       |     1 |       ||     2
       Held in net/web   |       |       |       |     3 |       |       ||     3
       Confused          |       |       |       |       |     1 |       ||     1
  Eat: Chunk             |     1 |     4 |    13 |    23 |    26 |     5 ||    72
       Fruit             |       |       |       |       |     4 |       ||     4
       Beef jerky        |       |       |       |       |     3 |       ||     3
       Royal jelly       |       |       |       |       |     1 |       ||     1
       Pizza             |       |       |       |       |       |     5 ||     5
Armor: Leather armour    |     7 |       |       |       |       |       ||     7
       Ring mail         |    12 |    20 |    79 |    40 |       |       ||   151
       Chain mail        |       |       |       |   150 |       |       ||   150
       Plate armour      |       |       |       |    77 |   731 |     7 ||   815
       Mottled dragon ar |       |       |       |       |       |    71 ||    71
Dodge: Dodged            |    48 |    54 |   126 |   304 |   546 |   137 ||  1215
Block: Other             |       |       |       |       |    29 |    21 ||    50
       Reflection        |       |       |       |       |     4 |       ||     4
